 Dungeon Crawl Stone Soup version 0.30.1 (webtiles) character file.

Game seed: 907079095574925748

301 Arctor the Insei (level 6, -1/40 HPs)
             Began as an Octopode Transmuter on July 12, 2023.
             Succumbed to an adder's poison
             ... on level 4 of the Dungeon.
             The game lasted 00:02:38 (2254 turns).

Arctor the Insei (Octopode Transmuter)              Turns: 2254, Time: 00:02:39

Health: -1/40      AC:  1    Str:  9    XL:     6   Next: 37%
Magic:  10/10      EV: 13    Int: 18    God:
Gold:   115        SH:  0    Dex: 12    Spells: 5/10 levels left

rFire   . . .        e - +1 demon blade (vamp)
rCold   . . .        (no shield)
rNeg    . . .        (helmet currently unavailable)
rPois   .            (no amulet)
rElec   .            (no ring)
rCorr   .            (no ring)
SInv    .            (no ring)
Will    .....        (no ring)
Stlth   ++           (no ring)
HPRegen 0.26/turn    (no ring)
MPRegen 0.12/turn    (no ring)
                     (no ring)

%: no passive effects
@: lethally poisoned (-1 -> -7), appendages
A: tentacle spike 3, almost no armour, amphibious, 8 rings, camouflage 1,
gelatinous body 1, (nimble swimmer 1), tentacles
a: End Transformation


You were on level 4 of the Dungeon.
One of your tentacles had grown a beastly spike.
You visited 1 branch of the dungeon, and saw 4 of its levels.

You collected 115 gold pieces.

Inventory:

Hand Weapons
 e - a +1 vampiric demon blade (weapon)
Jewellery
 j - the ring "Bunevvef" {rF++ EV+5 Dex+2}
   (You found it on level 2 of the Dungeon)

   [ring of evasion]

   EV:        It affects your evasion (+5).
   Dex:       It affects your dexterity (+2).
   rF:        It greatly protects you from fire.
Scrolls
 b - a scroll of teleportation {unknown}
 c - a scroll of magic mapping {unknown}
 d - 2 scrolls of poison {unknown}
 f - 2 scrolls of vulnerability {unknown}
 g - a scroll of immolation {unknown}
 i - a scroll of blinking {unknown}
Potions
 a - a potion of lignification


   Skills:
 + Level 2.3 Fighting
 + Level 1.7 Long Blades
 + Level 3.0 Dodging
 + Level 3.7 Unarmed Combat
 + Level 2.8 Spellcasting
 * Level 3.5 Transmutations
 + Level 1.4 Ice Magic


You had 5 spell levels left.
You knew the following spells:

 Your Spells              Type           Power      Damage    Failure   Level
a - Beastly Appendage     Tmut           30%        N/A       3%          1
b - Ice Form              Ice/Tmut       11%        N/A       52%         4

Your spell library contained the following spells:

 Spells                   Type           Power      Damage    Failure   Level
 Wereblood                Tmut           15%        N/A       6%          2
 Spider Form              Tmut/Pois      8%         N/A       24%         3


Dungeon Overview and Level Annotations

Branches:
Dungeon (4/15)
 Temple: D:4-7

Altars:
Elyvilon
Kikubaaqudgha
Ru
Trog
Wu Jian


Innate Abilities, Weirdness & Mutations

One of your tentacles has grown a beastly spike.
You cannot wear most types of armour.
You are amphibious.
You can wear up to eight rings at the same time.
Your skin changes colour to match your surroundings (Stealth+).
Your rubbery body absorbs attacks. (AC +1, EV +1)
((You are camouflaged when in or above water. (Stealth+)))
You have tentacles for arms and can constrict up to eight enemies at once.


Message History

The orc hits you with a +2 whip of venom.
You are more poisoned.
The orc closely misses you. The adder misses you.
You are too injured to fight recklessly!
You are too injured to fight recklessly!
Unknown command.
The orc attacks as you move away! The orc barely misses you.
The adder attacks as you move away! The adder bites you but does no damage.
You feel very sick.
You barely miss the adder. You grab the adder.
You pierce the adder.
The adder is heavily wounded.
You constrict the adder, but do no damage.
You feel very sick. The adder barely misses you. The adder bites you.
* * * LOW HITPOINT WARNING * * *
You are lethally poisoned!
The adder poisons you!
You barely miss the adder.
You pierce the adder.
The adder is almost dead.
You constrict the adder.
You kill the adder!
* * * LOW HITPOINT WARNING * * *
You feel very sick.
Unknown command.
Okay, then.
You hit the orc.
You feel better.
You grab the orc. You squeeze the orc.
You kill the orc!
* * * LOW HITPOINT WARNING * * *
You feel very sick.
Unknown command.
You barely miss the orc. Your grab misses the orc.
Your tentacle spike misses the orc.
You squeeze the orc.
The orc is lightly wounded.
* * * LOW HITPOINT WARNING * * *
You feel very sick. The orc misses you.
You hit the orc. You grab the orc.
Your tentacle spike misses the orc.
You squeeze the orc.
You kill the orc!
You die...

## ## #.#
..
#.####.####
##
#@#)......
#.# ##)..>#
#.###.#)###
#.#.##.#
#.## .# #.#
.# #.# .#
#.# .. #.#
##


There were no monsters in sight!

Vanquished Creatures
  Menkaure (D:4)
  A scorpion (D:4)
  A hound (D:4)
  2 adders
  2 worms (D:2)
  4 dart slugs
  6 orcs
  4 ball pythons
  6 bats
  2 hobgoblins
  6 jackals (D:4)
  7 kobolds
  A quokka (D:2)
  3 frilled lizards
  7 goblins
  3 rats
56 creatures vanquished.

Notes
Turn   | Place    | Note
-------+----------+-------------------------------------------
     0 | D:1      | Arctor the Octopode Transmuter began the quest for the Orb.
     0 | D:1      | Reached XP level 1. HP: 13/13 MP: 3/3
   158 | D:1      | Reached XP level 2. HP: 18/18 MP: 3/5
   976 | D:2      | Reached XP level 3. HP: 20/23 MP: 6/6
  1559 | D:2      | Identified the ring "Bunevvef" {rF++ EV+5 Dex+2}
  1669 | D:2      | Reached XP level 4. HP: 29/29 MP: 5/7
  1674 | D:2      | Learned a level 4 spell: Ice Form
  1869 | D:3      | Found an ancient bone altar of Kikubaaqudgha.
  1887 | D:3      | Found an ornate altar of the Wu Jian Council.
  1887 | D:3      | Found a sacrificial altar of Ru.
  1890 | D:3      | Found a bloodstained altar of Trog.
  1891 | D:3      | Found a white marble altar of Elyvilon.
  2001 | D:4      | Noticed a scorpion
  2003 | D:4      | Noticed a lemure
  2018 | D:4      | Noticed Menkaure
  2032 | D:4      | Killed Menkaure
  2033 | D:4      | Reached skill level 1 in Long Blades
  2033 | D:4      | Reached skill level 1 in Ice Magic
  2033 | D:4      | Reached XP level 5. HP: 9/34 MP: 7/9
  2040 | D:4      | Reached XP level 6. HP: 25/39 MP: 7/10
  2253 | D:4      | HP: 1/40 [poisoned by an adder]
  2254 | D:4      | Succumbed to an adder's poison

Illustrated notes

Levels and vault maps discovered:
D:1:      dpeg_arrival_shrine, layout_basic, roderic_serpentine_path
D:2:      layout_loops_ring, roderic_cross_of_infinity
D:3:      layout_rooms, minitemple, gup_sewer_entry_bowl
D:4:      layout_loops_ring, kennysheep_nondescript, minmay_goblin_outpost,
          uniq_menkaure, uniq_pikel

Skill      XL: |  1  2  3  4  5  6 |
---------------+-------------------+-----
Fighting       | 2 |  2.3
Long Blades    | 1 |  1.7
Transmutations | 3 |  3.5
Ice Magic      | 1 |  1.4
Dodging        | 3 |  3.0
Unarmed Combat | |  3.7
Spellcasting   | |  2.8

Action                     |  1- 3 |  4- 6 || total
---------------------------+-------+-------++-------
  Melee: Unarmed           |    34 |       ||    34
         Constrict         |    20 |    11 ||    31
         Tentacles         |    12 |     7 ||    19
         Kick              |     9 |     7 ||    16
         Demon blade       |    36 |    47 ||    83
         Punch             |     4 |       ||     4
   Cast: Beastly Appendage |    30 |    10 ||    40
    Use: Potion            |       |     3 ||     3
   Stab: Sleeping          |     6 |       ||     6
 Armour: Skin              |     8 |    26 ||    34
  Dodge: Dodged            |    43 |    42 ||    85
